 Dungeon Crawl Stone Soup version 0.30-a0-626-gd6a5dd7a1f (console) character file.

Game seed: 13809410251145312034

4 Ignak the Trooper (level 1, 22/22 HPs)
             Began as an Ogre Warper on Jan 11, 2023.
             Quit the game on level 1 of the Dungeon.
             The game lasted 00:00:34 (191 turns).

Ignak the Trooper (Ogre Warper)                      Turns: 191, Time: 00:00:35

Health: 22/22      AC:  3    Str: 14    XL:     1   Next: 60%
Magic:  3/3        EV:  9    Int: 14    God:
Gold:   0          SH:  0    Dex:  8    Spells: 4/4 levels left

rFire   . . .      SeeInvis .    a - +0 mace
rCold   . . .      Faith    .    (no shield)
rNeg    . . .      Spirit   .    b - +0 robe
rPois   .          Reflect  .    (helmet restricted)
rElec   .          Harm     .    (no cloak)
rCorr   .          Rampage  .    (gloves unavailable)
Will    .....                    (boots unavailable)
Stlth   +                        (no amulet)
HPRegen 0.23/turn                (no ring)
MPRegen 0.08/turn                (no ring)

@: no status effects
A: large, unfitting armour, tough skin 1
a: no special abilities


You were on level 1 of the Dungeon.
You visited 1 branch of the dungeon, and saw 1 of its levels.

Inventory:

Hand Weapons
 a - a +0 mace (weapon)
Missiles
 d - 7 boomerangs of dispersal (quivered)
Armour
 b - a +0 robe (worn)
Scrolls
 c - a scroll of blinking
 e - 2 scrolls of teleportation {unknown}
 f - a scroll of enchant armour {unknown}


   Skills:
 + Level 2.7 Fighting
 + Level 1.8 Maces & Flails
 - Level 1.1 Throwing
 + Level 0.0 Armour
 + Level 2.1 Dodging
 + Level 2.4 Spellcasting
 + Level 2.7 Translocations


You had 4 spell levels left.
You didn't know any spells.
Your spell library contained the following spells:

 Spells                   Type           Power      Damage    Failure   Level
 Blink                    Tloc           18%        N/A       11%         2
 Lesser Beckoning         Tloc           18%        N/A       22%         3
 Teleport Other           Tloc           9%         N/A       22%         3
 Vhi's Electric Charge    Tloc/Air       10%        N/A       36%         3
 Manifold Assault         Tloc           9%         N/A       58%         4


Dungeon Overview and Level Annotations

Branches:
Dungeon (1/15)

Altars:


Innate Abilities, Weirdness & Mutations

You are too large for most types of armour.
You have tough skin. (AC +1)


Message History

Welcome, Ignak the Ogre Warper.
Will you prevail where others failed? Will you find the Orb of Zot?
Press ? for a list of commands and other information.
Found a scroll labelled JUECVU QIOZOJA.
Found a staircase leading out of the dungeon.
Okay, then.
e - a scroll labelled JUECVU QIOZOJA An endoplasm comes into view.
The endoplasm quivers.
The endoplasm freezes you.
You are frozen.
You sock the endoplasm!
You kill the endoplasm!
A quokka comes into view.
Found 4 stones.
Found a stone staircase leading down.
A quokka is nearby!
The quokka bites you. The quokka closely misses you.
You barely miss the quokka. The quokka bites you.
You hit the quokka.
The quokka is almost dead.
The quokka bites you but does no damage.
The quokka bites you.
You hit the quokka.
You kill the quokka!
HP restored.
e - 2 scrolls labelled JUECVU QIOZOJA (gained 1)
Found a spear.
Found a stone staircase leading down.
There is a stone staircase leading down here.
You see here a +0 spear.
You see here 4 stones.
Found 4 stones.
A bat comes into view.
A bat is nearby!
You sock the bat!
You kill the bat!
f - a scroll labelled SORRUB ZOHITONT Are you sure you want to abandon this character and quit the game? (Confirm with "yes".)

########## #........#
#.######.# #.#
####.###### #.#
#.........# ## #.#
#(##.####.##.##
#.###.##.# #.#.@..#
#........##.###.....#
#####.###### ....###
#.......# .##.##
#.##.##.# ## .# #.#
#.##.##.# .# #.#
#.##....# ##+###.#####
#.####..# ##...##.##.. #
#.####..#####.....#.##.#
.#


There were no monsters in sight!

Vanquished Creatures
  A bat (D:1)
  An endoplasm (D:1)
  A quokka (D:1)
3 creatures vanquished.

Notes
Turn   | Place    | Note
-------+----------+-------------------------------------------
     0 | D:1      | Ignak the Ogre Warper began the quest for the Orb.
     0 | D:1      | Reached XP level 1. HP: 22/22 MP: 3/3
   191 | D:1      | Quit the game

Illustrated notes

Levels and vault maps discovered:
D:1:      dpeg_arrival_arbitrary_c, layout_loops_corners, nicolae_hexahallways

Action                   || total
-------------------------++-------
Melee: Mace              ||     5
Armor: Robe              ||     1
Dodge: Dodged            ||     1

Table legend: (Time is in decaauts)
 A = Elapsed time spent in this place.
 B = Non-inter-level travel time spent in this place.
 C = Inter-level travel time spent in this place.
 D = Time resting spent in this place.
 E = Time spent auto-exploring this place.
 F = Levels seen in this place.
 G = Mean time per level.
                   A        B        C        D        E       F      G
               +--------+--------+--------+--------+--------+-----+--------+
         Total |    192 |    192 |      0 |      0 |    159 |   1 |  192.0 |
       Dungeon |    192 |    192 |      0 |      0 |    159 |   1 |  192.0 |
               +--------+--------+--------+--------+--------+-----+--------+

Top non-repeatable levels by time:
     D:1: 192 daAuts
